 Dungeon Crawl Stone Soup version 0.19.0-2-gae57169 (webtiles) character file.

105 Khazard the Conjurer (level 4, -2/24 HPs)
             Began as a Tengu Wizard on Nov 5, 2016.
             Killed from afar by Sigmund (6 damage)
             ... with a puff of flame
             ... on level 3 of the Dungeon.
             The game lasted 00:01:58 (2178 turns).

Khazard the Conjurer (Tengu Wizard)                 Turns: 2178, Time: 00:01:59

Health: -2/24      AC:  2    Str:  7    XL:     4   Next: 83%
Magic:  7/10       EV: 12    Int: 19    God:
Gold:   122        SH:  0    Dex: 13    Spells: 4 memorised, 2 levels left

rFire  . . .     SeeInvis .     a - +0 short sword
rCold  . . .     Gourm    .     e - +0 robe
rNeg   . . .     Faith    .     (no shield)
rPois  .         Spirit   .     b - +0 hat
rElec  .         Reflect  .     (no cloak)
rCorr  .         Harm     .     (no gloves)
MR     .....                    (boots unavailable)
Stlth  ++........               (no amulet)
                                (no ring)
                                (no ring)

@: repel missiles
A: beak, talons 3
a: no special abilities


You were on level 3 of the Dungeon.
You were not hungry.

You visited 1 branch of the dungeon, and saw 3 of its levels.

You collected 122 gold pieces.

Inventory:

Hand Weapons
 a - a +0 short sword (weapon)
Armour
 b - a +0 hat (worn)
 e - a +0 robe (worn)
Jewellery
 l - an uncursed ring of poison resistance {unknown}
 q - a cursed ring of positive energy {unknown}
Scrolls
 d - a scroll of recharging {unknown}
 f - a scroll of amnesia {unknown}
 g - a scroll of identify {unknown}
 j - 2 scrolls of remove curse {unknown}
 m - a scroll of enchant armour {unknown}
 p - a scroll of magic mapping {unknown}
Potions
 k - a potion of cancellation {unknown}
 n - a potion of curing {unknown}
 o - a potion of brilliance {unknown}
Books
 c - a book of Minor Magic

   Spells                             Type                      Level
   a - Magic Dart                     Conjuration                  1
   b - Blink                          Translocation                2
   c - Call Imp                       Summoning                    2
   d - Repel Missiles                 Charms/Air                   2
   e - Slow                           Hexes                        2
   f - Conjure Flame                  Conjuration/Fire             3
   g - Mephitic Cloud                 Conjuration/Poison/Air       3
Comestibles
 h - a meat ration
 i - 4 fruits


   Skills:
 - Level 2.1 Dodging
 - Level 2.0 Stealth
 + Level 3.7 Spellcasting
 * Level 4.9 Conjurations
   Level 1.2 Summonings
 - Level 0.7 Translocations


You had 2 spell levels left.
You knew the following spells:

 Your Spells              Type           Power        Failure   Level  Hunger
a - Magic Dart            Conj           ###.         1%          1    None
b - Blink                 Tloc           N/A          17%         2    ##.....
e - Mephitic Cloud        Conj/Pois/Air  #.......     21%         3    ###....
k - Repel Missiles        Chrm/Air       #.....       24%         2    ##.....


Dungeon Overview and Level Annotations

Branches:
Dungeon (3/15)

Altars:

Annotations:
D:3 Sigmund


Innate Abilities, Weirdness & Mutations

You have a beak for a mouth.
You have claws for feet.


Message History

Press: ? - help, Shift-Dir - straight line, f/p - orc
Aim: an orc, wielding a flail and wearing a leather armour (heavily wounded)
The magic dart hits the orc.
The orc is almost dead.
Sigmund the Dreaded comes into view.
He is wielding a scythe.
Casting: Magic Dart
Confirm with . or Enter, or press ? or * to list all spells.
Aiming: Magic Dart
Press: ? - help, Shift-Dir - straight line, f/p - orc
Aim: an orc, wielding a flail and wearing a leather armour (almost dead)
The magic dart hits the orc.
You kill the orc!
Sigmund shouts!
Sigmund casts a spell at you. The puff of flame hits you!
Ouch! That really hurt!
* * * LOW HITPOINT WARNING * * *
Sigmund points at you and mumbles some strange words.
The puff of flame hits you!
You die...

...####### ... ..
... . ... #. ...
##.### . (.# #.#..
#.#.####
#...@..##?#...
###.##...).@.#
##.####.#####.####
........#####.#
####.###......(.
#..†....########
#.##.##.###
#.##.##...##
###....#..#..#


You could see Sigmund.

Vanquished Creatures
  4 adders
  2 dart slugs
  2 leopard geckos
  3 orcs
  5 bats
  2 giant cockroaches
  7 goblins
  4 hobgoblins
  8 jackals
  A quokka (D:2)
  6 frilled lizards
  8 kobolds
  4 rats
56 creatures vanquished.

Notes
Turn   | Place    | Note
-------+----------+-------------------------------------------
     0 | D:1      | Khazard the Tengu Wizard began the quest for the Orb.
     0 | D:1      | Reached XP level 1. HP: 10/10 MP: 5/5
   218 | D:1      | Reached skill level 2 in Conjurations
   319 | D:1      | Reached XP level 2. HP: 15/15 MP: 4/7
   718 | D:1      | Reached skill level 3 in Conjurations
   840 | D:1      | Reached XP level 3. HP: 15/19 MP: 2/8
  1318 | D:2      | Learned a level 2 spell: Blink
  1321 | D:2      | Learned a level 2 spell: Repel Missiles
  1325 | D:2      | Learned a level 3 spell: Mephitic Cloud
  1619 | D:2      | Reached skill level 4 in Conjurations
  1619 | D:2      | Reached XP level 4. HP: 21/24 MP: 4/10
  2064 | D:3      | Found a faded altar of an unknown god.
  2176 | D:3      | Noticed Sigmund
  2178 | D:3      | Killed from afar by Sigmund

Skill      XL: |  1  2  3 |
---------------+----------+-----
Conjurations   | 2 3 4 |  4.9
Dodging        | |  2.1
Stealth        | |  2.0
Spellcasting   | |  3.7
Summonings     | |  1.2
Translocations | |  0.7

Action                   |  1- 3 |  4- 6 || total
-------------------------+-------+-------++-------
Melee: Short sword       |    20 |     2 ||    22
       Peck              |     4 |       ||     4
       Kick              |     3 |       ||     3
       Unarmed           |    22 |       ||    22
 Cast: Magic Dart        |    69 |    44 ||   113
       Repel Missiles    |     1 |       ||     1
  Use: Potion            |     1 |       ||     1
  Eat: Chunk             |     2 |       ||     2
       Bread ration      |       |     1 ||     1
Armor: Robe              |    11 |       ||    11
       Skin              |    22 |       ||    22
Dodge: Dodged            |    32 |     3 ||    35
